 Dungeon Crawl Stone Soup version 0.29-a0-1052-g6990b1bffc (webtiles) character file.

Game seed: 3277429895674868228

1348 avis the Chiller (level 8, 0/70 HPs)
             Began as a Demigod Ice Elementalist on Aug 17, 2022.
             Slain by Blork the orc
             ... wielding a +4 halberd of freezing
              (4 damage)
             ... on level 6 of the Dungeon.
             The game lasted 00:40:24 (6953 turns).

avis the Chiller (Demigod Ice Elementalist)         Turns: 6953, Time: 00:40:24

Health: 0/70       AC:  9    Str: 13    XL:     8   Next: 14%
Magic:  7/17       EV: 12    Int: 27    God:
Gold:   2093       SH:  3    Dex: 14    Spells: 8/15 levels left

rFire   . . .      SeeInvis .     - Unarmed
rCold   . . .      Faith    .   b - +0 buckler
rNeg    . . .      Spirit   .   r - +0 robe
rPois   .          Reflect  .   (no helmet)
rElec   .          Harm     .   (no cloak)
rCorr   .          Rampage  .   (no gloves)
Will    .....                   (no boots)
Stlth   ++........              (no amulet)
HPRegen 0.21/turn               o - +6 ring of intelligence
MPRegen 0.15/turn               (no ring)

@: ice-armoured, freezing walls, hasted, very quick
A: high MP 1, forlorn, divine attributes
a: no special abilities


You were on level 6 of the Dungeon.
You visited 2 branches of the dungeon, and saw 7 of its levels.

You collected 2093 gold pieces.

Inventory:

Hand Weapons
 a - a +1 short sword of speed
 t - a +0 halberd of protection
 y - a +0 lajatang
Missiles
 e - 2 boomerangs
 n - 4 javelins
 u - 2 boomerangs of dispersal
 x - 24 poisoned darts
Armour
 b - a +0 buckler (worn)
 r - a +0 robe (worn)
Jewellery
 o - a +6 ring of intelligence (left hand)
Wands
 v - a wand of mindburst (16)
 F - a wand of iceblast (10)
Scrolls
 f - 2 scrolls of amnesia {unknown}
 g - a scroll of noise {unknown}
 h - a scroll of enchant armour {unknown}
 k - 3 scrolls of teleportation {unknown}
 p - 2 scrolls of magic mapping {unknown}
 s - 6 scrolls of vulnerability {unknown}
 w - a scroll of poison {unknown}
 A - a scroll of blinking {unknown}
 B - a scroll of fear {unknown}
 C - a scroll of enchant weapon {unknown}
 D - a scroll of identify
 G - a scroll of silence {unknown}
Potions
 c - 2 potions of lignification {unknown}
 d - a potion of haste
 i - a potion of heal wounds {unknown}
 j - 5 potions of curing {unknown}
 l - 3 potions of flight
 m - 2 potions of degeneration {unknown}
 q - a potion of brilliance {unknown}
 z - a potion of invisibility {unknown}
 E - a potion of attraction


   Skills:
 - Level 6.0 Fighting
 - Level 2.0 Dodging
 - Level 2.0 Stealth
 * Level 3.0 Unarmed Combat
 - Level 4.0 Spellcasting
 - Level 6.0 Ice Magic


You had 8 spell levels left.
You knew the following spells:

 Your Spells              Type           Power      Damage    Failure   Level
a - Freeze                Ice            100%       1d11      1%          1
o - Ozocubu's Armour      Ice            37%        N/A       2%          3
r - Frozen Ramparts       Ice            74%        1d12      2%          3

Your spell library contained the following spells:

 Spells                   Type           Power      Damage    Failure   Level
 Hailstorm                Conj/Ice       21%        3d6       30%         4
 Dazzling Flash           Conj/Hex       10%        N/A       32%         3
 Iskenderun's Mystic Bla  Conj/Tloc      5%         2d3       71%         4
 Starburst                Conj/Fire      2%         6d3       100%        6


Dungeon Overview and Level Annotations

Branches:
Dungeon (6/15)             Temple (1/1) D:4

Annotations:
D:4 2 transporters
D:6 Blork the orc


Innate Abilities, Weirdness & Mutations

You have an increased reservoir of magic. (+10% MP)
You shall have no god before yourself.
Your divine heritage dramatically boosts your attributes as you level up.


Message History

Casting: Ozocubu's Armour (mildly dangerous; 2% risk of failure)
Confirm with . or Enter, or press ? or * to list all spells.
Casting: Frozen Ramparts (mildly dangerous; 2% risk of failure)
Press: ? - help, Dir - look around, f - activate The walls around you are covered in ice.
The wall freezes the scorpion.
The scorpion completely misses you.
The wall freezes Blork the orc!
Blork the orc hits you with a +4 halberd of freezing.
* * * LOW HITPOINT WARNING * * *
Blork the orc freezes you.
* * * LOW HITPOINT WARNING * * *
You hit the scorpion but do no damage.
The scorpion is almost dead.
The wall freezes the scorpion but does no damage.
The scorpion stings you.
* * * LOW HITPOINT WARNING * * *
The wall freezes Blork the orc.
Blork the orc hits you with a +4 halberd of freezing!
* * * LOW HITPOINT WARNING * * *
Blork the orc freezes you.
* * * LOW HITPOINT WARNING * * *
It was a potion of haste.
You feel yourself speed up.
The wall freezes the scorpion.
You kill the scorpion!
The wall freezes Blork the orc.
Blork the orc gestures wildly while chanting.
Blork the orc seems to speed up.
Training target 6.0 for Fighting reached!
Your Fighting skill increases to level 6!
You need to enable at least one skill for training.
Casting: Frozen Ramparts (mildly dangerous; 2% risk of failure)
Confirm with . or Enter, or press ? or * to list all spells.
Aiming: Freeze (safe; 1% risk of failure)
Press: ? - help, Shift-Dir - straight line, f - Blork the orc
Aim: Blork the orc, wielding a +4 halberd of freezing and wearing a +2 robe of willpower (severely wounded, fast)
You freeze Blork the orc!
Blork the orc is almost dead.
The wall freezes Blork the orc.
Blork the orc hits you with a +4 halberd of freezing.
You die...

......#
##...........
......#
#...........#
......##
##......##....
####...# ##......##
#.. ##..##
#.......# . ##..#
##......## #..##
###.......#
##..###.........#
##..........@†...#
##........####o...#
###....#...##
.....#
##....###...#
......# .....##
##...# .........
...### ...#
....##.... ..##
#......### #... .##
.... #. .#


You could see Blork the orc (fast).

Vanquished Creatures
  Sigmund (D:2)
  2 black bears
  A phantom (D:5)
  A bullfrog (D:6)
  A scorpion (D:6)
  A necrophage (D:4)
  A wight (D:6)
  A howler monkey (D:3)
  2 hounds (D:4)
  3 orc priests (D:4)
  2 iguanas
  Natasha (thrice) (D:2)
  5 orc wizards
  9 gnolls
  5 adders
  A shadow imp (D:6)
  A white imp (D:5)
  2 worms
  2 dart slugs
  17 orcs
  7 ball pythons
  5 endoplasms
  4 giant cockroaches
  A goblin (D:2)
  7 hobgoblins
  4 jackals (D:1)
  8 kobolds
  3 quokkas
  5 bats
  3 rats
108 creatures vanquished.

Vanquished Creatures (others)
  A plant (D:1)
1 creature vanquished.

Grand Total: 109 creatures vanquished

Notes
Turn   | Place    | Note
-------+----------+-------------------------------------------
     0 | D:1      | avis the Demigod Ice Elementalist began the quest for the
                  | Orb.
     0 | D:1      | Reached XP level 1. HP: 14/14 MP: 5/5
    68 | D:1      | Reached skill level 1 in Fighting
   421 | D:1      | Reached XP level 2. HP: 20/23 MP: 2/7
  1154 | D:2      | Noticed Natasha
  1158 | D:2      | Killed Natasha
  1159 | D:2      | Reached XP level 3. HP: 29/29 MP: 3/8
  1163 | D:2      | Learned a level 3 spell: Ozocubu's Armour
  1405 | D:2      | Noticed Sigmund
  1640 | D:2      | Killed Sigmund
  1641 | D:2      | Reached XP level 4. HP: 29/38 MP: 4/11
  1641 | D:2      | Reached XP level 5. HP: 35/45 MP: 4/12
  1710 | D:2      | Learned a level 3 spell: Frozen Ramparts
  1752 | D:2      | Noticed Natasha
  1775 | D:2      | Killed Natasha
  1932 | D:2      | Reached skill level 5 in Ice Magic
  2106 | D:2      | Noticed Natasha
  2360 | D:2      | Killed Natasha
  2606 | D:3      | Reached XP level 6. HP: 51/51 MP: 12/14
  2765 | D:2      | Identified 3 scrolls of acquirement
  2765 | D:2      | Acquired 902 gold pieces
  2767 | D:2      | Acquired 903 gold pieces
  2769 | D:2      | Acquired a +6 ring of intelligence
  4015 | D:4      | Found a transporter.
  4034 | D:4      | Found a staircase to the Ecumenical Temple.
  4063 | Temple   | Entered the Ecumenical Temple
  4220 | D:4      | Found a transporter.
  4297 | D:4      | Reached XP level 7. HP: 37/57 MP: 3/16
  4440 | D:4      | Reached skill level 1 in Unarmed Combat
  5025 | D:5      | Entered Level 5 of the Dungeon
  5885 | D:5      | Reached skill level 5 in Fighting
  6733 | D:6      | Reached XP level 8. HP: 59/66 MP: 10/17
  6939 | D:6      | Noticed Blork the orc
  6953 | D:6      | Slain by Blork the orc

Illustrated notes

Levels and vault maps discovered:
D:1:      lightli_iron_boxes, layout_rooms, serial_forest,
          infiniplex_forest_clump_large, infiniplex_forest_lined_2,
          infiniplex_forest_side_room, infiniplex_forest_end_3,
          infiniplex_forest_clump_medium, infiniplex_forest_pool,
          infiniplex_forest_lined_2
D:2:      layout_loops_cross, ebering_ecumenical_altar_hall, basic_altar,
          uniq_natasha, uniq_sigmund
D:3:      layout_rooms, mainiacjoe_overflow_24_doors,
          cheibrodos_ashenzari_chains, kennysheep_orc_sif_temple
D:4:      gammafunk_wand_slinger, layout_basic, minmay_temple_entry_junction,
          lemuel_old_faithful
D:5:      layout_rooms, nicolae_hepliaklqana_hazy_memory
D:6:      layout_layer_cave, kennysheep_little_box, uniq_eustachio,
          uniq_blork_the_orc, uniq_crazy_yiuf_cottage
Temple:   nicolae_temple_great_sept

Skill      XL: |  1  2  3  4  5  6  7  8 |
---------------+-------------------------+-----
Fighting       | 1 2 3 5 6 |  6.0
Spellcasting   | 2 3 4 |  4.0
Ice Magic      | 4 5 6 |  6.0
Dodging        | 2 |  2.0
Stealth        | 2 |  2.0
Unarmed Combat | 3 |  3.0

Action                   |  1- 3 |  4- 6 |  7- 9 || total
-------------------------+-------+-------+-------++-------
Melee: Unarmed           |    10 |    20 |    14 ||    44
       Punch             |       |     1 |       ||     1
       Short sword       |       |    21 |    95 ||   116
 Cast: Freeze            |    47 |    47 |    29 ||   123
       Ozocubu's Armour  |     1 |    16 |    20 ||    37
       Frozen Ramparts   |       |    13 |    11 ||    24
  Use: Potion            |     1 |       |     1 ||     2
       Scroll            |       |     5 |       ||     5
 Stab: Sleeping          |       |     4 |     3 ||     7
Armor: Robe              |     5 |    25 |    33 ||    63
Dodge: Dodged            |    24 |    39 |    68 ||   131
Block: Buckler           |       |     4 |    19 ||    23

Table legend: (Time is in decaauts)
 A = Elapsed time spent in this place.
 B = Non-inter-level travel time spent in this place.
 C = Inter-level travel time spent in this place.
 D = Time resting spent in this place.
 E = Time spent auto-exploring this place.
 F = Levels seen in this place.
 G = Mean time per level.
                   A        B        C        D        E       F      G
               +--------+--------+--------+--------+--------+-----+--------+
         Total |   6942 |   6360 |    582 |   2999 |   1917 |   7 |  991.7 |
       Dungeon |   6859 |   6277 |    582 |   2923 |   1917 |   6 | 1143.2 |
        Temple |     83 |     83 |      0 |     76 |      0 |   1 |   83.0 |
               +--------+--------+--------+--------+--------+-----+--------+

Top non-repeatable levels by time:
     D:4: 1778 daAuts
     D:2: 1596 daAuts
     D:1: 1137 daAuts
     D:3: 1082 daAuts
     D:5: 889 daAuts
     D:6: 374 daAuts
  Temple: 83 daAuts
